 Dungeon Crawl Stone Soup version 0.28.0-53-g5a82cb258f (webtiles) character file.

Game seed: 4856207966024857860

30 pkoi the Insei (level 2, 0/24 HPs)
             Began as a Demigod Gladiator on June 5, 2022.
             Slain by a white imp (3 damage)
             ... summoned by Natasha
             ... on level 2 of the Dungeon.
             The game lasted 00:01:21 (1153 turns).

pkoi the Insei (Demigod Gladiator)                  Turns: 1153, Time: 00:01:21

Health: 0/24       AC:  5    Str: 15    XL:     2   Next: 84%
Magic:  4/4        EV: 12    Int: 10    God:
Gold:   0          SH:  0    Dex: 15    Spells: 1/1 levels left

rFire   . . .      SeeInvis .     - Unarmed
rCold   . . .      Faith    .   (no shield)
rNeg    . . .      Spirit   .   a - +0 leather armour
rPois   .          Reflect  .   b - +1 helmet
rElec   .          Harm     .   (no cloak)
rCorr   .          Rampage  .   (no gloves)
Will    .....                   (no boots)
Stlth   +.........              (no amulet)
HPRegen 0.08/turn               e - ring of flight
MPRegen 0.09/turn               (no ring)

@: flying, slowed, very slow
A: high MP 1, forlorn, divine attributes
a: no special abilities


You were on level 2 of the Dungeon.
You visited 1 branch of the dungeon, and saw 2 of its levels.

Inventory:

Hand Weapons
 d - a +0 dagger
 f - a +0 long sword
Missiles
 c - 2 throwing nets (quivered)
Armour
 a - a +0 leather armour (worn)
 b - a +1 helmet (worn)
Jewellery
 e - a ring of flight (left hand)
Wands
 l - a wand of digging (1)
Scrolls
 h - 2 scrolls of identify
 j - a scroll of blinking


   Skills:
 - Level 1.7 Fighting
 - Level 1.7 Throwing
 - Level 2.6 Dodging
 + Level 3.8 Unarmed Combat


You had one spell level left.
You didn't know any spells.
Your spell library was empty.

Dungeon Overview and Level Annotations

Branches:
Dungeon (2/15)

Annotations:
D:2 Natasha


Innate Abilities, Weirdness & Mutations

You have an increased reservoir of magic. (+10% MP)
You shall have no god before yourself.
Your divine heritage dramatically boosts your attributes as you level up.


Message History

Unknown command.
As you read the scroll labelled QUNNET NUIHIMM, it crumbles to dust.
You hear a loud clanging noise!
It was a scroll of noise.
Natasha stares at you and mumbles some strange words.
The magic dart hits you.
* * * LOW HITPOINT WARNING * * *
As you read the scroll labelled KOCHIO ILIOS, it crumbles to dust.
It is a scroll of identify.
j - a scroll of blinking Natasha casts a spell.
Okay, then.
You aren't carrying any potions.
Okay, then.
Unknown command.
Throw: 3 throwing nets
Press: ? - help, Q - select action Shift-Dir - straight line, f - Natasha
Aim: Natasha (50% to hit)
You throw a throwing net. The throwing net hits Natasha.
Natasha is caught in the net!
Natasha struggles against the net.
The white imp gestures at you. The puff of frost hits you.
* * * LOW HITPOINT WARNING * * *
Unknown command.
You hit Natasha.
Natasha is lightly wounded.
Natasha struggles against the net.
The white imp gestures at you. The puff of frost hits you!
* * * LOW HITPOINT WARNING * * *
Natasha struggles against the net.
Unknown command.
You completely miss Natasha.
Natasha is lightly wounded.
The white imp hits you but does no damage.
Natasha struggles against the net.
The white imp hits you.
* * * LOW HITPOINT WARNING * * *
The white imp freezes you.
You die...

.. ##. .. #.# .. #.##
###### #..# #
#....##########.#.#
#.#.....5@h..)....#
#.#############.#.#
#.......# #.#.#
##############.# #.# #
#...)........#.# #.#
#.###..#####.#.##### #..
#.###..#...........####.
#.#....#.###.#.##..... .
#.#...##.###.#........


You could see Natasha (caught) and a white imp (summoned).

Vanquished Creatures
  2 adders (D:2)
  A ball python (D:1)
  2 bats (D:1)
  A giant cockroach (D:2)
  A hobgoblin (D:1)
  A quokka (D:1)
  A goblin (D:2)
  2 kobolds (D:2)
  2 rats
13 creatures vanquished.

Notes
Turn   | Place    | Note
-------+----------+-------------------------------------------
     0 | D:1      | pkoi the Demigod Gladiator began the quest for the Orb.
     0 | D:1      | Reached XP level 1. HP: 17/17 MP: 3/3
   343 | D:1      | Reached skill level 3 in Unarmed Combat
   880 | D:2      | Reached XP level 2. HP: 3/24 MP: 4/4
  1143 | D:2      | Noticed Natasha
  1153 | D:2      | Slain by a white imp

Illustrated notes

Levels and vault maps discovered:
D:1:      lightli_arrival_farm, layout_loops_ring, basic_ecumenical_altar
D:2:      layout_basic, serial_shops, shop, uniq_natasha, uniq_terence

Skill      XL: |  1 |
---------------+----+-----
Unarmed Combat | 3 |  3.8
Fighting       | |  1.7
Throwing       | |  1.7
Dodging        | |  2.6

Action                   || total
-------------------------++-------
Melee: Unarmed           ||    76
       Punch             ||     1
Throw: Throwing net      ||     1
  Use: Scroll            ||     3
       Potion            ||     2
Armor: Leather armour    ||    28
Dodge: Dodged            ||    45
